 Dungeon Sprint DCSS version 0.27-a0-1548-gf8a67e7463 (webtiles) character file.

Game seed: 17528025172809602012

331 mhtbhm the Cleaver (level 6, -5/61 HPs)
             Began as a Minotaur Fighter on July 13, 2021.
             Was an Initiate of Gozag.
             Slain by a two-headed ogre (23 damage)
             ... in the Dungeon (Sprint VII: "The Pits").
             The game lasted 00:00:57 (557 turns).

mhtbhm the Cleaver (Minotaur Fighter)                Turns: 557, Time: 00:00:58

Health: -5/61      AC:  9    Str: 23    XL:     6   Next: 26%
Magic:  5/5        EV: 10    Int:  5    God:    Gozag
Gold:   1215       SH: 11    Dex:  9    Spells: 5/5 levels left

rFire    . . .     SeeInvis .   a - +2 hand axe
rCold    . . .     Faith    .   c - +0 kite shield
rNeg     . . .     Spirit   .   b - +3 ring mail
rPois    .         Reflect  .   (helmet restricted)
rElec    .         Harm     .   (no cloak)
rCorr    .         Rampage  .   (no gloves)
Will     .....     NoTele   +   (no boots)
Stlth    ..........             (no amulet)
HPRegen  0.20/turn              (no ring)
MPRegen  0.09/turn              (no ring)

@: gold aura
A: horns 2, retaliatory headbutt
a: Renounce Religion, Potion Petition, Call Merchant, Bribe Branch


You were in the Dungeon.
You worshipped Gozag.
Gozag was most pleased with you.
You visited 1 branch You collected 1215 gold pieces.

Inventory:

Hand Weapons
 a - a +2 hand axe (weapon)
Armour
 b - a +3 ring mail (worn)
 c - a +0 kite shield (worn)
Scrolls
 j - a scroll of blinking
 l - 5 scrolls of amnesia
 m - a scroll of summoning
Potions
 d - a potion of might
 e - 5 potions of heal wounds
 f - 5 potions of curing
 g - a potion of haste
 h - 4 potions of magic
 i - 3 potions of berserk rage
 k - 2 potions of invisibility


   Skills:
 + Level 8.2 Fighting
 + Level 8.7 Axes
 + Level 8.6 Armour
 + Level 3.2 Dodging
 + Level 8.2 Shields


You had 5 spell levels left.
You didn't know any spells.
Your spell library was empty.

Dungeon Overview and Level Annotations

Branches:
Dungeon (1/1)

Altars:
Ashenzari
Cheibriados
Dithmenos
Elyvilon
Fedhas
Gozag
Hepliaklqana
Kikubaaqudgha
Makhleb
Nemelex Xobeh
Okawaru
Qazlal
Ru
Sif Muna
Trog
Uskayaw
Vehumet
Wu Jian
Xom
Yredelemnul
Zin
The Shining One
Beogh
Jiyva
Lugonu


Innate Abilities, Weirdness & Mutations

You have a pair of horns on your head.
You reflexively headbutt those who attack you in melee.


Message History

An iron imp comes into view.
You barely miss the iron imp. You headbutt the iron imp.
The iron imp is moderately wounded.
The iron imp hits you but does no damage.
You hit the iron imp.
The iron imp is severely wounded.
Your shield prevents you from hitting the iron imp.
The iron imp is severely wounded.
The iron imp hits you!
You hit the iron imp. You headbutt the iron imp.
You kill the iron imp!
You now have 1215 gold pieces (gained 81).
There is an open door here.
You open the door.
A two-headed ogre comes into view.
It is wielding a +0 giant spiked club and a +0 great mace.
The two-headed ogre shouts in stereo!
You hit the two-headed ogre but do no damage.
You block the two-headed ogre's attack.
The two-headed ogre hits you with a +0 great mace.
You barely miss the two-headed ogre.
The two-headed ogre hits you with a +0 giant spiked club.
You block the two-headed ogre's attack.
You slash the two-headed ogre!
The two-headed ogre is lightly wounded.
The two-headed ogre barely misses you. You furiously retaliate!
You headbutt the two-headed ogre!
The two-headed ogre hits you with a +0 great mace.
You hit the two-headed ogre.
The two-headed ogre is moderately wounded.
You slash the two-headed ogre!
The two-headed ogre is heavily wounded.
The two-headed ogre hits you with a +0 giant spiked club!
The two-headed ogre hits you with a +0 great mace.
You hit the two-headed ogre.
The two-headed ogre is heavily wounded.
The two-headed ogre hits you with a +0 giant spiked club!!
* * * LOW HITPOINT WARNING * * *
The two-headed ogre hits you with a +0 great mace!!
You die...
Your body crumbles into a pile of gold.

#.#........##.......#
#'###########.......#
#...))..# #########
#.###...# #.#.....#
#.#...#.#+#
#.....#.#.+
#...###.#O#
#.......'@#
###########


You could see a two-headed ogre.

Vanquished Creatures
  An ogre (D)
  A centaur (D)
  A bullfrog (D)
  An iron imp (D)
  2 orc wizards (D)
  A river rat (D)
  A white imp (D)
  An adder zombie (D)
  3 orcs (D)
  2 endoplasms (D)
  A hobgoblin (D)
  A frilled lizard (D)
  2 kobolds (D)
  A rat (D)
19 creatures vanquished.

Vanquished Creatures (others)
  An orc (D)
1 creature vanquished.

Grand Total: 20 creatures vanquished

Notes
Turn   | Place    | Note
-------+----------+-------------------------------------------
     0 | D        | mhtbhm the Minotaur Fighter began the quest for the Orb.
     0 | D        | Reached XP level 1. HP: 19/19 MP: 0/0
    16 | D        | Reached XP level 2. HP: 19/28 MP: 1/1
    20 | D        | Found a bloodstained altar of Trog.
    20 | D        | Found a shimmering blue altar of Sif Muna.
    20 | D        | Found a viscous altar of Jiyva.
    20 | D        | Found a hazy altar of Hepliaklqana.
    20 | D        | Found an opulent altar of Gozag.
    21 | D        | Found a glowing golden altar of the Shining One.
    21 | D        | Found a glowing silver altar of Zin.
    21 | D        | Found a basalt altar of Yredelemnul.
    21 | D        | Found a shimmering altar of Xom.
    21 | D        | Found an ornate altar of the Wu Jian Council.
    21 | D        | Found a sacrificial altar of Ru.
    21 | D        | Found a stormy altar of Qazlal.
    21 | D        | Found an iron altar of Okawaru.
    21 | D        | Found a sparkling altar of Nemelex Xobeh.
    21 | D        | Found a burning altar of Makhleb.
    21 | D        | Found a blossoming altar of Fedhas.
    21 | D        | Found a white marble altar of Elyvilon.
    21 | D        | Found a shadowy altar of Dithmenos.
    21 | D        | Found a snail-covered altar of Cheibriados.
    24 | D        | Found a corrupted altar of Lugonu.
    24 | D        | Found a radiant altar of Vehumet.
    25 | D        | Found an ancient bone altar of Kikubaaqudgha.
    25 | D        | Found a hide-covered altar of Uskayaw.
    25 | D        | Found a broken altar of Ashenzari.
    28 | D        | Became a worshipper of Gozag Ym Sagoz the Greedy
   233 | D        | Reached skill level 5 in Armour
   233 | D        | Reached skill level 5 in Shields
   234 | D        | Reached skill level 5 in Fighting
   234 | D        | Reached XP level 3. HP: 19/36 MP: 2/2
   253 | D        | Reached skill level 1 in Dodging
   253 | D        | Reached XP level 4. HP: 39/44 MP: 3/3
   327 | D        | Noticed an ogre
   329 | D        | Noticed a centaur
   334 | D        | Noticed a bullfrog
   336 | D        | Killed an ogre
   337 | D        | Reached XP level 5. HP: 33/52 MP: 4/4
   352 | D        | Killed a centaur
   353 | D        | Reached XP level 6. HP: 23/61 MP: 5/5
   551 | D        | Noticed a two-headed ogre
   557 | D        | Slain by a two-headed ogre

Illustrated notes

Levels and vault maps discovered:
D:        pitsprint [storerooms_1, entrance_room_1, metal_vault_1, armoury_1,
          mini_pit_1, grid_room_1, main_hall_1, silver_pit, the_coven_1,
          the_vestibule_1, steel_vault_5, golden_pit, hallway_of_sentries,
          crystal_vault_2, iron_vault_4, final_vault]

Skill      XL: |  1  2  3  4  5 |
---------------+----------------+-----
Fighting       | 4 5 6 7 8 |  8.2
Armour         | 4 5 6 7 8 |  8.6
Shields        | 4 5 6 8 |  8.2
Axes           | 4 6 8 |  8.7
Dodging        | 1 2 3 |  3.2

Action                   |  1- 3 |  4- 6 || total
-------------------------+-------+-------++-------
Melee: War axe           |     3 |       ||     3
       Headbutt          |     6 |     5 ||    11
       Hand axe          |    25 |    32 ||    57
  Use: Potion            |     2 |       ||     2
Armor: Scale mail        |    17 |       ||    17
       Ring mail         |       |     8 ||     8
Dodge: Dodged            |    10 |    11 ||    21
Block: Kite shield       |    14 |    15 ||    29

Table legend: (Time is in decaauts)
 A = Elapsed time spent in this place.
 B = Non-inter-level travel time spent in this place.
 C = Inter-level travel time spent in this place.
 D = Time resting spent in this place.
 E = Time spent auto-exploring this place.
 F = Levels seen in this place.
 G = Mean time per level.
                   A        B        C        D        E       F      G
               +--------+--------+--------+--------+--------+-----+--------+
         Total |    570 |    570 |      0 |    301 |     30 |   1 |  570.0 |
       Dungeon |    570 |    570 |      0 |    301 |     30 |   1 |  570.0 |
               +--------+--------+--------+--------+--------+-----+--------+

Top non-repeatable levels by time:
       D: 570 daAuts
